 Dungeon Crawl Stone Soup version 0.30-a0-509-gd016549fea (webtiles) character file.

Game seed: 5709007783013415889

65444 Jackthecabe the Frost Mage (level 14, -9/99 HPs)
             Began as a Demigod Conjurer on Dec 23, 2022.
             Succumbed to a death drake's dark miasma
             ... on level 13 of the Dungeon.
             The game lasted 01:27:20 (43098 turns).

Jackthecabe the Frost Mage (Demigod Conjurer)      Turns: 43098, Time: 01:27:20

Health: -9/99      AC:  7    Str:  8    XL:     14   Next: 36%
Magic:  24/30      EV: 12    Int: 42    God:
Gold:   1086       SH:  0    Dex: 12    Spells: 0/29 levels left

rFire   . . .      SeeInvis .    U - +7 spear of Uretisy {vorpal, Will+}
rCold   + . .      Faith    .    (no shield)
rNeg    . . .      Spirit   .    S - +2 robe {Will+}
rPois   .          Reflect  .    (no helmet)
rElec   .          Harm     .    G - +0 cloak
rCorr   +          Rampage  .    d - +1 pair of gloves
Will    +++..                    (no boots)
Stlth   +++.......               (no amulet)
HPRegen 0.36/turn                Z - ring of wizardry
MPRegen 0.22/turn                b - ring of Descent {rC+ rCorr Int+6}

@: lethally poisoned (-9 -> -67), slowed, very slow
A: high MP 1, forlorn, divine attributes, frail 1
a: no special abilities


You were on level 13 of the Dungeon.
You visited 3 branches of the dungeon, and saw 21 of its levels.

You collected 3744 gold pieces.
You spent 2658 gold pieces at shops.


Innate Abilities, Weirdness & Mutations

You have an increased reservoir of magic. (+10% MP)
You shall have no god before yourself.
Your divine heritage dramatically boosts your attributes as you level up.
You are frail. (-10% HP)


   Skills:
 + Level 6.8 Fighting
 - Level 5.0 Armour
 - Level 1.7 Dodging
 - Level 5.0 Stealth
 - Level 8.0 Spellcasting
 - Level 10.0 Conjurations
 - Level 10.0 Hexes
 - Level 6.0 Translocations
 - Level 6.0 Transmutations
 - Level 12.0 Ice Magic
 - Level 6.0 Earth Magic
 - Level 3.0 Evocations


You couldn't memorise any spells.
You knew the following spells:

 Your Spells              Type           Power      Damage    Failure   Level
c - Ozocubu's Refrigerat  Ice            43%        4d17      4%          7
f - Fulminant Prism       Conj/Hex       39%        3d18      1%          4
m - Magic Dart            Conj           100%       1d8       1%          1
s - Searing Ray           Conj           100%       2d8       1%          2
t - Iron Shot             Conj/Erth      35%        9d7       4%          6
X - Iskenderun's Mystic   Conj/Tloc      71%        2d14      1%          4
Y - Yara's Violent Unrav  Hex/Tmut       35%        3d14      1%          5

Your spell library contained the following spells:

 Spells                   Type           Power      Damage    Failure   Level
 Beastly Appendage        Tmut           100%       N/A       1%          1
 Sandblast                Erth           100%       2d20      1%          1
 Passwall                 Tmut/Erth      50%        N/A       1%          2
 Static Discharge         Conj/Air       100%       2-7/arc   1%          2
 Wereblood                Tmut           61%        N/A       1%          2
 Dazzling Flash           Conj/Hex       100%       N/A       1%          3
 Ozocubu's Armour         Ice            87%        N/A       1%          3
 Spider Form              Tmut/Pois      42%        N/A       1%          3
 Stone Arrow              Conj/Erth      100%       3d13      1%          3
 Vhi's Electric Charge    Tloc/Air       84%        N/A       1%          3
 Anguish                  Hex/Necr       28%        N/A       1%          4
 Blade Hands              Tmut           30%        N/A       1%          5
 Animate Armour           Summ/Erth      84%        N/A       2%          4
 Arcjolt                  Conj/Air       28%        1d38      2%          5
 Lightning Bolt           Conj/Air       28%        1d44      2%          5
 Enfeeble                 Hex            39%        N/A       11%         7
 Maxwell's Capacitive Co  Air            8%         ∞         100%        8

Inventory:

Hand Weapons
 o - a +5 trident of freezing
 U - the +7 spear of Uretisy (weapon) {vorpal, Will+}
   (You found it on level 5 of the Dungeon)

   It inflicts extra damage upon your enemies.
   Will:      It increases your willpower.
Armour
 d - a +1 pair of gloves (worn)
 p - a +2 robe of fire resistance
 G - a +0 cloak (worn)
 S - a +2 robe of willpower (worn)
Jewellery
 b - the ring of Descent (right hand) {rC+ rCorr Int+6}
   (You bought it in a shop on level 2 of the Orcish Mines)

   [ring of intelligence]

   Int:       It affects your intelligence (+6).
   rC:        It protects you from cold.
   rCorr:     It protects you from acid and corrosion.
 l - the ring "Guhu" {rF++ rN+ Int-5 Dex+4}
   (You acquired it on level 13 of the Dungeon)

   [ring of positive energy]

   Int:       It affects your intelligence (-5).
   Dex:       It affects your dexterity (+4).
   rF:        It greatly protects you from fire.
   rN:        It protects you from negative energy.
 v - a ring of see invisible
 w - a ring of willpower
 C - a ring of ice
 E - a +4 ring of evasion
 F - a ring of protection from fire
 N - a ring of positive energy
 W - a ring of willpower
 X - the ring of Boudul Voo {Fly rPois rF+ Will-}
   (You found it on level 13 of the Dungeon)

   [ring of protection from fire]

   rF:        It protects you from fire.
   rPois:     It protects you from poison.
   Fly:       It grants you flight.
   Will:      It decreases your willpower.
 Z - a ring of wizardry (left hand)
Wands
 n - a wand of light (4)
 y - a wand of flame (65)
 B - a wand of roots (17)
 D - a wand of polymorph (12)
 J - a wand of digging (6)
 L - a wand of charming (5)
 R - a wand of mindburst (5)
Scrolls
 a - 6 scrolls of identify {@r1}
 c - 5 scrolls of enchant weapon
 e - 3 scrolls of poison
 f - 2 scrolls of fog
 m - 5 scrolls of vulnerability
 q - 7 scrolls of teleportation {@r2}
 r - 2 scrolls of fear
 u - 3 scrolls of torment
 x - 2 scrolls of immolation
 M - 2 scrolls of enchant armour
 O - 2 scrolls of butterflies {unknown}
 P - 2 scrolls of amnesia
 T - 2 scrolls of magic mapping
Potions
 g - 7 potions of mutation
 h - 3 potions of cancellation
 i - 3 potions of curing {@q1}
 j - 4 potions of brilliance
 k - 8 potions of haste {@q3}
 s - 5 potions of attraction
 t - 3 potions of flight
 z - 3 potions of might
 A - 2 potions of ambrosia
 H - 3 potions of berserk rage {!q}
 V - 3 potions of lignification
Miscellaneous
 I - a box of beasts
 K - a phantom mirror
 Q - a phial of floods

Dungeon Overview and Level Annotations

Branches:
Dungeon (14/15)            Temple (0/1) D:7            Lair (5/5) D:8
  Swamp (0/4) Lair:3        Snake (0/4) Lair:2        Slime (0/5) Lair:4
    Orc (2/2) D:9             Elf (0/3) Orc:2        Vaults (0/5) D:13

Shops:
D:4 ?   D:8 !   D:9 :   Orc:2 ==[?

Annotations:
D:5 3 runed translucent doors, xzight's ghost, novice OgFE
D:8 2 transporters
D:11 Sonja
Lair:3 3 runed translucent doors, Coawycapt's ghost, journeyman NaVM; Esso's ghost, journeyman HuWn; indyram44's ghost, journeyman SpEn

#.###.# ##....................
#.###.### #.#######....#<...###
#.......###..........###.#.####
#######...#########..#........#
#.....### #......####.#
#.......## ##.#..#....#.#
#....##..# ##..........#.#
#....###.###..##########.#
#..^.# #.@...............#
#######....#
###################
#<.........# ##..).......#
............# ###########.# #
#.# # #.# # #.#


There were no monsters in sight!


Message History

Confirm with . or Enter, or press ? or * to list all spells.
Okay, then.
You can't see any susceptible monsters within range! (Use Z to cast anyway.) Unknown command.
The magic dart hits the death drake.
The death drake is lightly wounded.
The death drake breathes miasma at you. The foul vapour engulfs you!!
You are poisoned.
Casting: Magic Dart (safe; 1% risk of failure)
Confirm with . or Enter, or press ? or * to list all spells.
Aiming: Iron Shot (dangerous; 4% risk of failure)
Press: ? - help, Shift-Dir - straight line, f/p - death drake
Aim: a death drake (60% to hit)
The iron shot hits the death drake!!!
The death drake is severely wounded.
You are engulfed in dark miasma.
You are more poisoned.
You feel yourself slow down.
You feel extremely sick. The death drake breathes miasma at you.
The foul vapour engulfs you!!
You are more poisoned.
* * * LOW HITPOINT WARNING * * *
You are engulfed in dark miasma.
You are more poisoned.
* * * LOW HITPOINT WARNING * * *
x2 You feel extremely sick.
You climb upwards.
You die...

Skill      XL: |  1  2  3  4  5  6  7  8  9 10 11 12 13 14 |
---------------+-------------------------------------------+-----
Spellcasting   | 2 3 4 6 8 |  8.0
Conjurations   | 4 5 6 7 10 | 10.0
Hexes          | 1 2 4 6 8 10 | 10.0
Evocations     | 2 3 |  3.0
Translocations | 2 6 |  6.0
Fighting       | 2 3 6 |  6.8
Transmutations | 6 |  6.0
Stealth        | 5 |  5.0
Armour         | 3 5 |  5.0
Ice Magic      | 9 12 | 12.0
Earth Magic    | 4 6 |  6.0
Dodging        | |  1.7

Action                   |  1- 3 |  4- 6 |  7- 9 | 10-12 | 13-15 || total
-------------------------+-------+-------+-------+-------+-------++-------
Melee: Unarmed           |     9 |       |       |       |       ||     9
       Trident           |       |     9 |     5 |    40 |    29 ||    83
 Cast: Magic Dart        |    80 |   142 |   116 |   367 |   397 ||  1102
       Searing Ray       |     4 |    10 |    40 |    17 |     9 ||    80
       Fulminant Prism   |       |     3 |    21 |    99 |    64 ||   187
       Iskenderun's Myst |       |       |       |   187 |   115 ||   302
       Yara's Violent Un |       |       |       |     4 |     9 ||    13
       Ozocubu's Refrige |       |       |       |       |    52 ||    52
       Iron Shot         |       |       |       |       |    25 ||    25
Evoke: Wand              |       |       |     2 |    13 |     3 ||    18
       Phantom mirror    |       |       |       |     1 |       ||     1
  Use: Scroll            |       |     1 |     3 |    18 |     6 ||    28
       Potion            |       |       |     2 |     9 |       ||    11
 Stab: Invisible         |       |       |       |     2 |       ||     2
Armor: Robe              |     3 |     2 |     9 |    38 |    39 ||    91
Dodge: Dodged            |    11 |    27 |    53 |   141 |   116 ||   348

Levels and vault maps discovered:
D:1:      reono_arrival_mine, layout_loops_corners, serial_bayou_lagoon_b
D:2:      layout_basic, basic_altar, uniq_jessica
D:3:      layout_loops_ring, xom_teletrap_fun, mainiacjoe_overflow_alcove_4,
          nicolae_elyvilon_peaceful_grove,
          hellmonk_ecumenical_altar_heavens_door
D:4:      layout_basic, nicolae_qazlal_scattered_showers,
          general_overflow_altar, serial_shops, shop,
          minmay_fractal_squares_gapless_5
D:5:      layout_basic, biasface_ghost_orc_armoury, serial_bayou_pond_b,
          uniq_edmund
D:6:      layout_gridville
D:7:      layout_loops_corners, makhleb_heckhound_becter,
          minmay_temple_entry_mini_moons, grunt_ministairs_1,
          minmay_misc_feat_cross, chequers_serial_rivers_small_b, st_stairs_2,
          minmay_strange_pillars, small_statue_intersection
D:8:      layout_loops_corners, gammafunk_temple_overflow_arena,
          minmay_lair_entry_grove, serial_shops, kennysheep_mini
D:9:      layout_roguey, mainiacjoe_overflow_divided_tiny,
          kennysheep_orc_monster_closet_entryway, serial_shops,
          nicolae_take_the_stairs
D:10:     layout_layer_cave, overflow_temple_1_default, david_defended_altar_orc
D:11:     layout_roguey, nicolae_tso_carved_into_rock, uniq_sonja, uniq_nergalle
D:12:     layout_basic, kennysheep_generic_room_13
D:13:     layout_basic, erik_vaults_1, ebering_ghost_disaster_area
D:14:     layout_rooms, grunt_decor_one_mirror, minmay_misc_feat_columns
Lair:1:   layout_layer_cave, uniq_grum
Lair:2:   layout_misc_corridors, dummy_snake_entry, basic_altar,
          beast_lair_carwin_4
Lair:3:   layout_regular_city, minmay_swamp_entry_worms,
          gammafunk_ghost_cemetery, serial_rivers,
          chequers_serial_rivers_micro_d, chequers_serial_rivers_marsh,
          chequers_serial_rivers_room_b, chequers_serial_rivers_micro_a,
          chequers_serial_rivers_marsh, chequers_serial_rivers_room_a,
          st_stairs_5, lemuel_fruit_tree, infiniplex_staircase_pool_2,
          uniq_nessos, uniq_kirke, uniq_amaemon
Lair:4:   layout_cave_pods, nicolae_slime_entry_slimehenge,
          minmay_lair_oklob_items, minivault_23
Lair:5:   grunt_lair_end_beastmaster, layout_layer_cave, grunt_megastairs_3
Orc:1:    nicolae_orc_accident_3, layout_diamond_mine, lemuel_statue_altar
Orc:2:    kennysheep_orc_mage_school, layout_diamond_mine

Notes
Turn   | Place    | Note
-------+----------+-------------------------------------------
     0 | D:1      | Jackthecabe the Demigod Conjurer began the quest for the
                  | Orb.
     0 | D:1      | Reached XP level 1. HP: 14/14 MP: 5/5
    75 | D:1      | Reached skill level 2 in Spellcasting
   244 | D:1      | Reached XP level 2. HP: 20/20 MP: 3/7
   292 | D:1      | Learned a level 2 spell: Searing Ray
   579 | D:1      | Reached skill level 4 in Conjurations
  1373 | D:2      | Reached XP level 3. HP: 22/26 MP: 1/9
  2150 | D:2      | Noticed Jessica
  2154 | D:2      | Killed Jessica
  2155 | D:2      | Reached skill level 3 in Spellcasting
  2155 | D:2      | Reached XP level 4. HP: 33/33 MP: 4/11
  2251 | D:2      | Learned a level 4 spell: Fulminant Prism
  2861 | D:3      | Reached skill level 1 in Hexes
  2936 | D:3      | Reached skill level 5 in Conjurations
  3264 | D:3      | Reached XP level 5. HP: 38/38 MP: 7/12
  4422 | D:4      | Found Tecijus's Magic Scroll Shoppe.
  4475 | D:4      | Reached skill level 2 in Hexes
  4557 | D:4      | Noticed an ogre
  4600 | D:4      | Reached XP level 6. HP: 38/45 MP: 8/13
  5391 | D:5      | Entered Level 5 of the Dungeon
  5416 | D:5      | Reached skill level 3 in Hexes
  5431 | D:4      | Reached skill level 6 in Conjurations
  5500 | D:4      | Reached skill level 4 in Hexes
  5673 | D:5      | Found a runed translucent gate.
  5673 | D:5      | Found a runed translucent gate.
  5673 | D:5      | Found a runed translucent gate.
  5674 | D:5      | Noticed xzight's ghost (novice OgFE)
  5675 | D:5      | Identified the +3 whip "Jotepel" {vorpal, rC++}
  5791 | D:5      | Reached XP level 7. HP: 50/50 MP: 0/14
  5949 | D:5      | Reached skill level 5 in Hexes
  6123 | D:5      | Reached skill level 6 in Hexes
  6283 | D:5      | Reached skill level 1 in Evocations
  6463 | D:5      | Reached skill level 2 in Evocations
  6468 | D:5      | Learned a level 4 spell: Iskenderun's Mystic Blast
  6537 | D:5      | Identified the +7 spear of Uretisy {vorpal, Will+}
  6720 | D:5      | Noticed Edmund
  6840 | D:5      | Killed Edmund
  6841 | D:5      | Reached skill level 2 in Translocations
  6948 | D:6      | Reached XP level 8. HP: 57/57 MP: 8/15
  6954 | D:6      | Reached skill level 3 in Translocations
  7411 | D:6      | Reached skill level 4 in Translocations
  7795 | D:6      | Reached skill level 5 in Translocations
  8188 | D:7      | Noticed a gargoyle
  8306 | D:6      | Reached skill level 6 in Translocations
  8433 | D:7      | Reached skill level 1 in Fighting
  8493 | D:7      | Reached skill level 2 in Fighting
  8570 | D:7      | Found a staircase to the Ecumenical Temple.
  9181 | D:7      | Reached skill level 4 in Spellcasting
  9232 | D:7      | Reached XP level 9. HP: 63/68 MP: 10/18
  9236 | D:7      | Reached skill level 3 in Fighting
  9242 | D:7      | Learned a level 5 spell: Yara's Violent Unravelling
  9395 | D:7      | Reached skill level 1 in Transmutations
  9503 | D:7      | Reached skill level 2 in Transmutations
  9775 | D:8      | Reached skill level 3 in Transmutations
  9779 | D:7      | Reached skill level 4 in Transmutations
 10050 | D:7      | Killed a gargoyle
 10051 | D:7      | Reached skill level 5 in Transmutations
 10175 | D:8      | Reached skill level 6 in Transmutations
 10414 | D:8      | Reached skill level 7 in Conjurations
 10426 | D:8      | Reached XP level 10. HP: 48/77 MP: 1/19
 10430 | D:8      | Found a staircase to the Lair.
 10802 | D:8      | Reached skill level 8 in Conjurations
 11239 | D:8      | Noticed a two-headed ogre
 11280 | D:8      | Killed a two-headed ogre
 11281 | D:8      | Reached skill level 7 in Hexes
 11487 | D:8      | Reached skill level 8 in Hexes
 11588 | D:8      | Noticed a cyclops
 11688 | D:8      | Noticed a centaur warrior
 11691 | D:8      | Found a transporter.
 11691 | D:8      | Found a transporter.
 11791 | D:8      | HP: 6/77 [yak (10)]
 12020 | D:8      | Reached skill level 9 in Conjurations
 12152 | D:8      | Found Ylougoerhu's Distillery.
 12155 | D:8      | Bought a potion of degeneration for 12 gold pieces
 12155 | D:8      | Bought a potion of curing for 36 gold pieces
 12155 | D:8      | Bought a potion of heal wounds for 60 gold pieces
 12494 | D:4      | Bought a scroll of identify for 28 gold pieces
 12494 | D:4      | Bought a scroll of vulnerability for 56 gold pieces
 12494 | D:4      | Bought a scroll of noise for 14 gold pieces
 12494 | D:4      | Bought a scroll of teleportation for 42 gold pieces
 13552 | D:9      | Found Raceax's Book Shop.
 13985 | D:9      | Found a staircase to the Orcish Mines.
 14652 | D:9      | Reached skill level 10 in Conjurations
 15115 | D:9      | Noticed a two-headed ogre
 15118 | D:9      | Reached XP level 11. HP: 82/82 MP: 15/21
 15144 | D:9      | Reached skill level 5 in Spellcasting
 15148 | D:9      | Killed a two-headed ogre
 15476 | D:9      | Reached skill level 6 in Spellcasting
 15705 | D:10     | Entered Level 10 of the Dungeon
 16823 | D:10     | Reached skill level 9 in Hexes
 17336 | D:10     | You fall into a shaft and drop 3 floors!
 17352 | D:13     | Identified a scroll of acquirement
 17426 | D:12     | Noticed a deep elf pyromancer
 17508 | D:13     | Acquired the ring "Guhu" {rF++ rN+ Int-5 Dex+4}
 17516 | D:12     | Killed a deep elf pyromancer
 17519 | D:12     | Reached skill level 10 in Hexes
 17519 | D:12     | Reached skill level 2 in Stealth
 17644 | D:12     | Reached skill level 3 in Stealth
 17863 | D:12     | Noticed a skeletal warrior
 17863 | D:12     | Noticed a skeletal warrior
 18087 | D:13     | Reached skill level 4 in Stealth
 18089 | D:13     | Noticed a four-headed hydra
 18110 | D:13     | Killed a four-headed hydra
 18248 | D:12     | Noticed a skeletal warrior
 18248 | D:12     | Noticed a skeletal warrior
 18248 | D:12     | Noticed a skeletal warrior
 18256 | D:13     | Reached skill level 5 in Stealth
 18500 | D:12     | Reached skill level 3 in Evocations
 19056 | D:11     | Noticed Nergalle
 19072 | D:11     | Gained mutation: You are frail. (-10% HP) [you]
 19072 | D:11     | Killed Nergalle
 19073 | D:11     | Reached skill level 2 in Armour
 19509 | D:11     | Reached skill level 3 in Armour
 20307 | D:9      | Bought Ozocubu's Autobiography for 384 gold pieces
 20510 | D:11     | Reached XP level 12. HP: 80/80 MP: 9/25
 20625 | D:11     | Noticed Sonja
 20917 | D:11     | Reached skill level 1 in Ice Magic
 21254 | Lair:1   | Entered Level 1 of the Lair of Beasts
 21254 | Lair:1   | Noticed Grum
 21258 | Lair:1   | Killed Grum
 21259 | Lair:1   | Reached skill level 4 in Armour
 21695 | Lair:1   | Reached skill level 2 in Ice Magic
 22240 | Lair:1   | Learned a level 7 spell: Ozocubu's Refrigeration
 22425 | Lair:1   | Noticed a five-headed hydra
 22435 | Lair:1   | Killed a five-headed hydra
 22436 | Lair:1   | Reached skill level 5 in Armour
 22436 | Lair:1   | Reached skill level 3 in Ice Magic
 22768 | Lair:2   | Reached skill level 4 in Ice Magic
 22909 | Lair:2   | Found a staircase to the Snake Pit.
 23078 | Lair:2   | Noticed a six-headed hydra
 23088 | Lair:2   | Killed a six-headed hydra
 23089 | Lair:2   | Reached skill level 5 in Ice Magic
 23203 | Lair:2   | Reached skill level 6 in Ice Magic
 23857 | Lair:3   | Noticed Amaemon
 24057 | Lair:3   | Reached skill level 7 in Ice Magic
 24439 | Lair:3   | Noticed Nessos
 24453 | Lair:3   | HP: 2/80 [swamp worm/harpoon shot (23)]
 24967 | Lair:3   | HP: 6/80 [yak (4)]
 24972 | Lair:3   | HP: 7/80 [yak (1)]
 25392 | Lair:3   | Killed Amaemon
 25393 | Lair:3   | Reached skill level 8 in Ice Magic
 26056 | Lair:2   | HP: 4/80 [death yak (6)]
 27074 | Lair:2   | Reached skill level 9 in Ice Magic
 27356 | Lair:3   | Noticed Kirke
 27369 | Lair:3   | Found a runed translucent gate.
 27370 | Lair:3   | Found a runed translucent gate.
 27370 | Lair:3   | Found a runed translucent gate.
 27371 | Lair:3   | Noticed Esso's ghost (journeyman HuWn)
 27371 | Lair:3   | Noticed Coawycapt's ghost (journeyman NaVM)
 27371 | Lair:3   | Noticed indyram44's ghost (journeyman SpEn)
 27642 | Lair:3   | Found a staircase to the Swamp.
 27682 | Lair:3   | Reached XP level 13. HP: 68/84 MP: 18/26
 28027 | Lair:3   | Killed Kirke
 28497 | Lair:4   | Found a staircase to the Slime Pits.
 28798 | Lair:4   | Reached skill level 10 in Ice Magic
 29067 | Lair:4   | Acquired 1211 gold pieces
 29131 | Lair:3   | Killed Nessos
 29391 | D:9      | Bought a book of Iron for 576 gold pieces
 29531 | D:4      | Bought a scroll of acquirement for 728 gold pieces
 30594 | Lair:5   | Entered Level 5 of the Lair of Beasts
 31323 | Lair:5   | Reached skill level 11 in Ice Magic
 32534 | Lair:4   | Reached skill level 12 in Ice Magic
 34000 | Lair:5   | Reached skill level 7 in Spellcasting
 35489 | Lair:5   | Reached skill level 8 in Spellcasting
 35489 | Lair:5   | Reached skill level 1 in Earth Magic
 36277 | Orc:1    | Entered Level 1 of the Orcish Mines
 36855 | Orc:1    | Reached skill level 2 in Earth Magic
 37350 | Orc:2    | Entered Level 2 of the Orcish Mines
 37350 | Orc:2    | Found a staircase to the Elven Halls.
 37816 | Orc:2    | Reached skill level 3 in Earth Magic
 38971 | Orc:2    | Reached skill level 4 in Earth Magic
 39064 | Orc:2    | Identified a +1 robe of resistance
 39268 | Orc:2    | Noticed Erolcha
 39273 | Orc:2    | Killed Erolcha
 39274 | Orc:2    | Reached XP level 14. HP: 79/91 MP: 8/30
 39378 | Orc:2    | Learned a level 6 spell: Iron Shot
 39487 | Orc:2    | Found Joakh's Magic Scroll Shop.
 39513 | Orc:2    | Reached skill level 5 in Earth Magic
 39863 | Orc:2    | Found Pohuih's Antique Armour Shop.
 39975 | Orc:2    | Reached skill level 6 in Earth Magic
 40100 | Orc:2    | Found Zebros's Jewellery Boutique.
 40107 | Orc:2    | Found Wuimoero's Jewellery Boutique.
 40153 | Orc:2    | Acquired 568 gold pieces
 40168 | Orc:2    | Bought the ring of Descent {rC+ rCorr Int+6} for 722 gold
                  | pieces
 40746 | D:12     | Reached skill level 4 in Fighting
 41437 | D:12     | Reached skill level 5 in Fighting
 42176 | D:13     | Reached skill level 6 in Fighting
 42232 | D:13     | Found a gate to the Vaults.
 42801 | D:13     | Found a large runed translucent door.
 42801 | D:13     | Found a large runed translucent door.
 42804 | D:13     | Noticed KennySheep's ghost (journeyman OgCj)
 42912 | D:13     | Killed KennySheep's ghost
 43044 | D:13     | Identified the ring of Boudul Voo {Fly rPois rF+ Will-}
 43098 | D:13     | Succumbed to a death drake's dark miasma

Vanquished Creatures
  Kirke (Lair:3)
  Nessos (Lair:3)
  The ghost of KennySheep the Ogre Mage, a journeyman OgCj of Cheibriados (D:13)
  Erolcha (Orc:2)
  3 hydras
  A catoblepas (Lair:5)
  3 ogre magi (Orc:2)
  A tengu warrior (D:13)
  2 dancing weapons (D:13)
  2 two-headed ogres
  A centaur warrior (D:12)
  7 death yaks
  A deep troll shaman (Lair:5)
  A fire crab (Lair:4)
  Nergalle (D:11)
  5 skeletal warriors (D:12)
  Amaemon (Lair:3)
  A lindwurm (Lair:5)
  7 orc sorcerers (Orc:2)
  An oklob plant (Lair:4)
  5 ugly things
  A deep elf pyromancer (D:12)
  A manticore (D:12)
  3 elephants (Lair:5)
  3 black mambas
  A gargoyle (D:7)
  An orange demon (Lair:3)
  A kobold demonologist (D:11)
  7 cane toads
  4 rime drakes
  9 komodo dragons
  A freezing wraith (D:12)
  2 polar bears
  6 trolls
  2 hornets (D:8)
  30 blink frogs
  3 shadows
  6 wyverns
  A wraith (D:10)
  47 yaks
  6 hogs
  A water elemental (D:12)
  3 basilisks
  Grum (Lair:1)
  A steam dragon (Lair:2)
  7 vampire mosquitoes
  Edmund (D:5)
  2 wargs
  2 swamp worms (Lair:3)
  3 acid dragons
  19 water moccasins
  A sky beast (D:7)
  4 ice beasts
  6 black bears
  20 orc warriors
  7 ogres
  7 wolves
  5 centaurs
  A phantom (D:5)
  2 kobold brigands (D:9)
  14 bullfrogs
  7 gnoll sergeants
  4 scorpions
  6 wights
  9 killer bees
  An electric eel (D:12)
  6 howler monkeys
  4 hounds
  5 jellies
  A gnoll bouda (Orc:1)
  19 orc priests
  Jessica (D:2)
  7 iguanas
  38 orc wizards
  7 hell rats
  22 gnolls
  9 adders
  3 white imps
  4 ufetubi
  3 worms (D:2)
  A dart slug (D:2)
  86 orcs
  2 bats (D:3)
  13 endoplasms
  5 giant cockroaches
  9 goblins
  11 hobgoblins
  5 jackals
  6 quokkas
  5 ball pythons
  2 frilled lizards
  13 kobolds
  6 rats
609 creatures vanquished.

Vanquished Creatures (others)
  4 bushes
  187 fulminant prisms
  47 fungi
  70 plants
  4 withered plants (Lair:3)
312 creatures vanquished.

Grand Total: 921 creatures vanquished

Table legend: (Time is in decaauts)
 A = Elapsed time spent in this place.
 B = Non-inter-level travel time spent in this place.
 C = Inter-level travel time spent in this place.
 D = Time resting spent in this place.
 E = Time spent auto-exploring this place.
 F = Levels seen in this place.
 G = Mean time per level.
                   A        B        C        D        E       F      G
               +--------+--------+--------+--------+--------+-----+--------+
         Total |  43235 |  40623 |   2612 |  12517 |  22344 |  21 | 2058.8 |
       Dungeon |  24665 |  23252 |   1413 |   5699 |  14484 |  14 | 1761.8 |
          Lair |  14646 |  13670 |    976 |   5888 |   5654 |   5 | 2929.2 |
  Orcish Mines |   3924 |   3702 |    222 |    929 |   2205 |   2 | 1962.0 |
               +--------+--------+--------+--------+--------+-----+--------+

Top non-repeatable levels by time:
  Lair:4: 3812 daAuts
  Lair:2: 3369 daAuts
  Lair:5: 3272 daAuts
     D:9: 2844 daAuts
   Orc:2: 2577 daAuts
     D:8: 2557 daAuts
     D:7: 2325 daAuts
    D:13: 2232 daAuts
  Lair:3: 2216 daAuts
     D:4: 2197 daAuts
    D:10: 1989 daAuts
  Lair:1: 1975 daAuts
    D:12: 1904 daAuts
    D:11: 1814 daAuts
     D:5: 1561 daAuts

Table legend:
 A = Non-vault XP
 B = Vault XP
 C = Vault XP percentage of total XP
 D = Non-vault monster count
 E = Vault monster count
 F = Vault count percentage of total count
                 A         B        C        D         E       F
            +---------+---------+-------+---------+---------+-------
      Total |   57474 |   36018 |  38.5 |     453 |     156 |  25.6
            +---------+---------+-------+---------+---------+-------
        D:1 |      41 |       0 |   0.0 |      24 |       0 |   0.0
        D:2 |     104 |      37 |  26.2 |      22 |       1 |   4.3
        D:3 |      73 |       0 |   0.0 |      23 |       0 |   0.0
        D:4 |     287 |     188 |  39.6 |      26 |       7 |  21.2
        D:5 |     488 |     454 |  48.2 |      11 |       7 |  38.9
        D:6 |     914 |      59 |   6.1 |      27 |       1 |   3.6
        D:7 |     941 |     962 |  50.6 |      12 |       8 |  40.0
        D:8 |    3832 |    2018 |  34.5 |      29 |      11 |  27.5
        D:9 |    4408 |    1284 |  22.6 |      41 |      19 |  31.7
       D:10 |    2603 |     125 |   4.6 |      17 |       3 |  15.0
       D:11 |    1987 |     771 |  28.0 |      13 |       1 |   7.1
       D:12 |    7777 |    1397 |  15.2 |      24 |       2 |   7.7
       D:13 |    5005 |    2661 |  34.7 |      21 |       3 |  12.5
     Lair:1 |    2860 |     420 |  12.8 |      12 |       3 |  20.0
     Lair:2 |    7017 |    2309 |  24.8 |      16 |       8 |  33.3
     Lair:3 |    3955 |    5429 |  57.9 |      19 |      12 |  38.7
     Lair:4 |    3591 |    2012 |  35.9 |      13 |       8 |  38.1
     Lair:5 |    7449 |    8383 |  52.9 |      33 |      22 |  40.0
      Orc:1 |    2049 |     152 |   6.9 |      39 |       6 |  13.3
      Orc:2 |    2093 |    7357 |  77.9 |      31 |      34 |  52.3
            +---------+---------+-------+---------+---------+-------
